 Dungeon Crawl Stone Soup version 0.19.0-9-gfd783f2 (webtiles) character file.

5967 dobroeutro the Archer (level 10, -11/84 HPs)
             Began as a Centaur Hunter on Nov 7, 2016.
             Was a Priest of Okawaru.
             Killed themself with a badly aimed iceblast (14 damage)
             ... on level 10 of the Dungeon.
             The game lasted 00:21:48 (11168 turns).

dobroeutro the Archer (Centaur Hunter)             Turns: 11168, Time: 00:21:49

Health: -11/84     AC: 14    Str: 13 (16) XL:     10   Next: 55%
Magic:  10/10      EV: 10    Int:  6 (8)  God:    Okawaru [***...]
Gold:   444        SH:  0    Dex:  9 (10) Spells: 0 memorised, 9 levels left

rFire  . . .     SeeInvis .     i - +2 whip (drain)
rCold  . . .     Gourm    .     x - +0 ring mail
rNeg   . . .     Faith    .     (no shield)
rPois  .         Spirit   .     o - +2 helmet
rElec  .         Reflect  .     y - +2 cloak {+Inv}
rCorr  .         Harm     .     g - +0 pair of gloves
MR     .....                    (no barding)
Stlth  +.........               (no amulet)
                                J - ring of Shadows {Umbra +Inv Stlth+}
                                k - -2 ring of intelligence

@: very slightly contaminated, wreathed by umbra, very quick
A: hooves 3, clumsy 1, deformed body, speed 2, tough skin 3
a: Heroism, Renounce Religion, Evoke Invisibility


You were on level 10 of the Dungeon.
You worshipped Okawaru.
Okawaru was most pleased with you.
You were near starving.

You visited 2 branches of the dungeon, and saw 11 of its levels.

You collected 444 gold pieces.

Inventory:

Hand Weapons
 a - a +2 shortbow
 i - a +2 whip of draining (weapon)
Missiles
 d - 171 arrows
Armour
 g - a +0 pair of gloves (worn)
 o - a +2 helmet (worn)
 x - a +0 ring mail (worn)
 y - a +2 cloak of invisibility (worn)
Jewellery
 k - a -2 ring of intelligence (left hand)
 J - the ring of Shadows (right hand) {Umbra +Inv Stlth+}
   (You found it on level 7 of the Dungeon)

   [ring of stealth]

   It lets you turn invisible.
   It makes you more stealthy.
Wands
 j - a wand of flame (16/48)
 n - a wand of iceblast (6/15)
 s - a wand of flame (11/48)
 A - a wand of paralysis (0/24)
 F - a wand of flame (33/48)
 H - a wand of random effects (12/48)
 L - a wand of flame (17/48)
Scrolls
 c - a scroll of enchant weapon
 h - 3 scrolls of magic mapping
 l - 4 scrolls of remove curse
 p - a scroll of enchant armour
 q - a scroll of blinking
 u - 3 scrolls of identify
 K - a scroll of amnesia
Potions
 v - a potion of cure mutation
 z - 2 potions of brilliance
 C - 2 potions of agility
Comestibles
 b - a beef jerky
 f - 10 bread rations
 m - a meat ration
 B - 2 slices of pizza
 E - a fruit


   Skills:
 + Level 6.8 Fighting
 - Level 6.0 Maces & Flails
 + Level 13.0 Bows
 + Level 4.5 Armour
 + Level 4.8 Dodging
 - Level 0.4 Stealth


You had 9 spell levels left.
You didn't know any spells.

Dungeon Overview and Level Annotations

Branches:
Dungeon (10/15)            Temple (1/1) D:7             Orc (0/2) D:9
   Lair: D:8-11

Altars:
Ashenzari
Cheibriados
Dithmenos
Elyvilon
Fedhas
Gozag
Hepliaklqana
Kikubaaqudgha
Makhleb
Nemelex Xobeh
Okawaru
Ru
Sif Muna
Trog
Uskayaw
Xom
Yredelemnul
The Shining One

Shops:
D:4 }

Annotations:
D:7 exclusion: door


Innate Abilities, Weirdness & Mutations

You have hooves in place of feet.
Armour fits poorly on your strangely shaped body.
You cover ground very quickly.
You have extremely tough skin. (AC +3)
You are clumsy. (Dex -2)


Message History

You feel weakened.
You feel dopey.
You feel clumsy. Something hits you.
* * * LOW HITPOINT WARNING * * *
Something hits you but does no damage.
You closely miss something. Something hits you.
* * * LOW HITPOINT WARNING * * *
Okay, then.
Evoke which item? (* to show all) (? for menu, Esc to quit)
Zapping:
n - a wand of iceblast (will waste charges)
Press: ? - help, Shift-Dir - straight line The mass of ice explodes!
Evoking this partially-identified wand wasted a few charges.
You flicker back into view.
Something completely misses you.
Evoke which item? (* to show all) (? for menu, Esc to quit)
Zapping:
n - a wand of iceblast {zapped: 2} (will waste charges)
Press: ? - help, Shift-Dir - straight line The mass of ice explodes!
The iceblast engulfs something.
The iceblast engulfs you!
You die...

#...#.#........
#...###.....#.#
#.......#.....#
#.#..#..#.....#
#.............#
#...###.....#.#
#...#(#####.#.#
#.#.#..# ...
#...#@# .
#...#(##
#......#
#....(.#
#....#........
#.#.....##..#.
#.....((......
############


There were no monsters in sight!

Vanquished Creatures
  Erolcha (D:10)
  Pikel (D:6)
  Grinder (D:5)
  3 hippogriffs
  Sigmund (D:2)
  Eustachio (D:4)
  The ghost of Rationalist the Chopper, an amateur DsGl (D:3)
  A hungry ghost (D:9)
  Menkaure (D:5)
  2 water moccasins (D:10)
  A slave (D:6)
  An orc warrior (D:7)
  A sky beast (D:7)
  2 ice beasts
  2 ogres
  5 centaurs
  A phantom (D:10)
  A gnoll sergeant (D:8)
  2 bullfrogs
  2 scorpions (D:5)
  5 killer bees (D:8)
  A howler monkey (D:4)
  4 crimson imps
  2 bullfrog zombies
  A centaur zombie (D:8)
  7 jellies
  A quasit (D:10)
  A centaur skeleton (D:8)
  11 hounds
  2 orc priests
  Crazy Yiuf (D:5)
  2 orc wizards (D:4)
  A gnoll shaman (D:6)
  Natasha (thrice) (D:3)
  An iguana (D:10)
  6 worker ants
  A hound zombie (D:10)
  A worker ant zombie (D:6)
  Robin (D:2)
  12 gnolls
  A howler monkey skeleton (D:9)
  11 adders
  3 shadow imps
  2 oozes
  An adder skeleton (D:7)
  2 worms (D:2)
  A dart slug (D:2)
  8 leopard geckos
  17 orcs
  2 ball pythons
  7 giant cockroaches
  6 hobgoblins
  4 jackals (D:6)
  10 kobolds
  7 quokkas
  9 bats
  7 frilled lizards
  17 goblins
  2 jackal zombies (D:9)
  6 rats
  A plant (D:5)
219 creatures vanquished.

Vanquished Creatures (others)
  2 slaves (D:7)
  A big kobold (D:8)
  2 bullfrogs (D:8)
  A scorpion (D:8)
  A killer bee (D:8)
  An orc priest (D:7)
  A hound (D:8)
  A leopard gecko (D:8)
  An orc (D:7)
  A ball python (D:7)
  2 quokkas (D:7)
14 creatures vanquished.

Grand Total: 233 creatures vanquished

Notes
Turn   | Place    | Note
-------+----------+-------------------------------------------
     0 | D:1      | dobroeutro the Centaur Hunter began the quest for the Orb.
     0 | D:1      | Reached XP level 1. HP: 17/17 MP: 1/1
   213 | D:1      | Reached XP level 2. HP: 24/24 MP: 2/2
   217 | D:1      | Reached skill level 6 in Bows
   670 | D:2      | Reached XP level 3. HP: 15/29 MP: 3/3
  1012 | D:2      | Noticed Robin
  1016 | D:2      | Reached skill level 1 in Maces & Flails
  1022 | D:2      | Killed Robin
  1071 | D:2      | Reached skill level 7 in Bows
  1071 | D:2      | Reached XP level 4. HP: 17/36 MP: 4/4
  1110 | D:2      | Found a snail-covered altar of Cheibriados.
  1319 | D:2      | Noticed Sigmund
  1339 | D:2      | Killed Sigmund
  1339 | D:2      | Reached skill level 8 in Bows
  1339 | D:2      | Reached XP level 5. HP: 16/41 MP: 5/5
  1339 | D:2      | Reached XP level 6. HP: 19/48 MP: 6/6
  1794 | D:3      | Found a sacrificial altar of Ru.
  1798 | D:3      | Found a basalt altar of Yredelemnul.
  1806 | D:3      | Noticed Rationalist's ghost (amateur DsGl)
  2071 | D:3      | Noticed Natasha
  2086 | D:3      | Killed Natasha
  2185 | D:3      | Noticed Natasha
  2198 | D:3      | Killed Natasha
  2198 | D:3      | Reached skill level 9 in Bows
  2402 | D:3      | Found a glowing golden altar of the Shining One.
  2560 | D:3      | Noticed Natasha
  2571 | D:3      | Killed Natasha
  2571 | D:3      | Reached XP level 7. HP: 49/55 MP: 7/7
  2660 | D:3      | Killed Rationalist's ghost
  2761 | D:4      | Noticed Eustachio
  2791 | D:4      | Killed Eustachio
  2906 | D:4      | Found a hide-covered altar of Uskayaw.
  3076 | D:4      | Found a burning altar of Makhleb.
  3128 | D:4      | Reached skill level 5 in Maces & Flails
  3128 | D:4      | Reached skill level 10 in Bows
  3703 | D:4      | Found Ypyett's Gadget Shoppe.
  3879 | D:5      | Entered Level 5 of the Dungeon
  3917 | D:5      | Noticed Menkaure
  4196 | D:5      | Reached XP level 8. HP: 61/61 MP: 8/8
  4205 | D:5      | Noticed Grinder
  4253 | D:5      | Paralysed by Grinder for 2 turns
  4268 | D:5      | Killed Grinder
  4534 | D:5      | Found a runed door.
  4753 | D:5      | Killed Menkaure
  4753 | D:5      | Reached skill level 11 in Bows
  5159 | D:5      | Reached skill level 1 in Armour
  5238 | D:5      | Noticed Crazy Yiuf
  5248 | D:5      | Killed Crazy Yiuf
  5586 | D:6      | Found a bloodstained altar of Trog.
  5758 | D:6      | Found an ancient bone altar of Kikubaaqudgha.
  6138 | D:7      | Noticed Pikel
  6257 | D:6      | Killed Pikel
  6257 | D:6      | Reached XP level 9. HP: 41/71 MP: 9/9
  6371 | D:7      | Noticed a gargoyle
  6574 | D:7      | Found a staircase to the Ecumenical Temple.
  6589 | Temple   | Entered the Ecumenical Temple
  6777 | Temple   | Became a worshipper of Warmaster Okawaru
  7627 | D:7      | Gained mutation: You are partially covered in thin metallic scales. (AC +2) [mutagenic meat]
  7628 | D:7      | Gained mutation: You are clumsy. (Dex -2) [mutagenic meat]
  7629 | D:7      | Gained mutation: Your magical capacity is low. (-10% MP) [mutagenic meat]
  7630 | D:7      | Gained mutation: You are very clumsy. (Dex -4) [mutagenic meat]
  7631 | D:7      | Gained mutation: You are covered in fur. (AC +1) [mutagenic meat]
  7632 | D:7      | Gained mutation: You are resistant to hostile enchantments. (MR+) [mutagenic meat]
  7824 | D:7      | Found a deep blue altar of Sif Muna.
  7968 | D:8      | Reached skill level 12 in Bows
  8012 | D:8      | Reached * piety under Okawaru
  8182 | D:8      | Reached skill level 5 in Fighting
  8222 | D:8      | Found a white marble altar of Elyvilon.
  8372 | D:8      | Lost mutation: You are very clumsy. (Dex -4) [potion of cure mutation]
  8372 | D:8      | Lost mutation: You are covered in fur. (AC +1) [potion of cure mutation]
  8372 | D:8      | Lost mutation: You are resistant to hostile enchantments. (MR+) [potion of cure mutation]
  8372 | D:8      | Lost mutation: Your magical capacity is low. (-10% MP) [potion of cure mutation]
  8372 | D:8      | Lost mutation: You are partially covered in thin metallic scales. (AC +2) [potion of cure mutation]
  9105 | D:8      | Reached ** piety under Okawaru
  9144 | D:8      | Reached XP level 10. HP: 9/83 MP: 10/10
  9170 | D:8      | Found a shimmering altar of Xom.
  9517 | D:9      | Found a staircase to the Orcish Mines.
 10240 | D:9      | Found an opulent altar of Gozag.
 10319 | D:10     | Entered Level 10 of the Dungeon
 10643 | D:10     | Reached *** piety under Okawaru
 10896 | D:10     | Noticed Erolcha
 10907 | D:10     | Killed Erolcha
 10907 | D:10     | Received a gift from Okawaru
 11044 | D:10     | Reached skill level 13 in Bows
 11166 | D:10     | HP: 3/84 [something (3)]
 11168 | D:10     | Killed themself with a badly aimed iceblast

Skill      XL: |  1  2  3  4  5  6  7  8  9 10 |
---------------+-------------------------------+-----
Bows           | 6 7 8 9 10 11 12 13 | 13.0
Maces & Flails | 1 3 4 5 6 |  6.0
Armour         | 2 3 4 |  4.5
Dodging        | 2 4 |  4.8
Fighting       | 4 5 6 |  6.8
Stealth        | |  0.4

Action                   |  1- 3 |  4- 6 |  7- 9 | 10-12 || total
-------------------------+-------+-------+-------+-------++-------
Melee: Short sword       |    90 |       |       |       ||    90
       Kick              |    25 |    31 |   145 |     6 ||   207
       Whip              |    53 |   152 |   576 |    58 ||   839
       Shortbow          |       |       |       |     1 ||     1
 Fire: Shortbow          |     1 |     9 |   135 |   182 ||   327
Invok: Heroism           |       |       |     1 |     2 ||     3
 Abil: Evoke Invisibilit |       |       |       |     1 ||     1
Evoke: Wand              |       |       |     5 |     1 ||     6
  Use: Scroll            |       |       |     5 |     8 ||    13
       Potion            |       |       |    10 |     2 ||    12
  Eat: Chunk             |       |     4 |    22 |     5 ||    31
       Pizza             |       |       |     1 |       ||     1
       Fruit             |       |       |       |     1 ||     1
Armor: Leather armour    |    69 |    61 |       |       ||   130
       Ring mail         |       |    13 |   292 |    58 ||   363
       Skin              |       |       |    17 |       ||    17
Dodge: Dodged            |    65 |    60 |   284 |    46 ||   455
